 Dungeon Crawl Stone Soup version 0.16.2-12-gd0ad4c3 (webtiles) character file.

259 Seneschal the Grave Robber (level 5, -2/35 HPs)
             Began as a Mummy Necromancer on Sept 24, 2015.
             Slain by an ogre
             ... wielding a +0 giant spiked club
              (9 damage)
             ... on level 4 of the Dungeon.
             The game lasted 00:27:03 (3637 turns).

Seneschal the Grave Robber (Mummy Necromancer)      Turns: 3637, Time: 00:27:03

Health: -2/35      AC:  5    Str: 11    XL:     5   Next: 95%
Magic:  2/13       EV: 12    Int: 15    God:
Gold:   145        SH:  0    Dex: 12    Spells: 4 memorised, 3 levels left

rFire  x . .     SeeInvis .     (no weapon)
rCold  + . .     Clarity  .     i - +1 robe
rNeg   + + +     SustAb   .     (no shield)
rPois  ∞         Gourm    .     f - +1 helmet
rElec  .         Spirit   .     (no cloak)
rCorr  .         Warding  .     (no gloves)
rMut   .         Stasis   .     (no boots)
MR     .....                    (no amulet)
Stlth  ++........               (no ring)
                                c - ring of poison resistance

@: very slightly contaminated, not resistant to hostile enchantments, unstealthy
A: no food or potions, fire vulnerability, restore body, cold resistance 1,
negative energy resistance 3, poison resistance, torment resistance, unbreathing
a: no special abilities


You were on level 4 of the Dungeon.
You were not hungry.

You visited 1 branch of the dungeon, and saw 4 of its levels.

You collected 145 gold pieces.

Inventory:

Armour
 a - a +0 robe
 f - a +1 helmet (worn)
 i - a +1 robe (worn)
Jewellery
 c - a ring of poison resistance (left hand)
Scrolls
 d - 3 scrolls of identify {unknown}
 e - 2 scrolls of magic mapping {unknown}
Books
 b - a book of Necromancy

   Spells                             Type                      Level
   a - Pain                           Necromancy                   1
   b - Animate Skeleton               Necromancy                   1
   c - Vampiric Draining              Necromancy                   3
   d - Regeneration                   Charms/Necromancy            3
   e - Animate Dead                   Necromancy                   4
   f - Control Undead                 Necromancy                   4


   Skills:
 + Level 2.1 Dodging
 + Level 2.0 Stealth
 + Level 4.2 Spellcasting
 + Level 5.4 Necromancy


You had 3 spell levels left.
You knew the following spells:

 Your Spells              Type           Power        Failure   Level  Hunger
a - Pain                  Necr           ###.         1%          1    N/A
b - Animate Skeleton      Necr           N/A          1%          1    N/A
c - Animate Dead          Necr           N/A          24%         4    N/A
d - Vampiric Draining     Necr           ###.......   10%         3    N/A

Dungeon Overview and Level Annotations

Branches:
Dungeon (4/15)
 Temple: D:4-7

Altars:
Gozag
Okawaru
Ru
Vehumet

Annotations:
D:4 Natasha


Innate Abilities, Weirdness & Mutations

You do not eat or drink.
Your flesh is vulnerable to fire.
Your flesh is cold resistant.
You are immune to negative energy.
Your system is resistant to poisons.
You are immune to unholy pain and torment.
You can survive without breathing.


Message History

The world around you seems to dim momentarily.
Your quokka zombie barely misses the ogre.
Your goblin zombie hits the ogre with a dagger.
Casting: Vampiric Draining
Confirm with . or Enter, or press ? or * to list all spells.
You don't have enough magic to cast that spell.
Your quokka zombie bites the ogre.
The ogre closely misses your quokka zombie.
Your quokka zombie bites the ogre.
Your goblin zombie hits the ogre with a dagger.
The ogre hits your quokka zombie with a giant spiked club!!
Your quokka zombie is destroyed!
Your goblin zombie hits the ogre with a dagger.
Natasha, Servant of Life and Death comes into view.
Natasha hisses angrily.
Natasha stares at you and mumbles some strange words.
The magic dart hits you!
* * * LOW HITPOINT WARNING * * *
The ogre hits you with a giant spiked club!
You die...

#........# #........# ...
#........# ....
#........# .....
#........###...$..
#........#........
#######.................
#.............Z.......h..
#.......####..@O.........
#.......# #.......#####.
#.......# #####+###
#########


You could see an ogre, Natasha and a friendly goblin zombie.

Vanquished Creatures
  2 orc priests (D:3)
  A worker ant (D:4)
  Jessica (D:3)
  Robin (D:3)
  4 adders
  A worm (D:2)
  2 orcs (D:3)
  2 ball pythons
  9 bats
  2 giant cockroaches
  12 goblins
  8 hobgoblins
  7 jackals
  3 quokkas
  4 giant geckos
  A giant newt (D:2)
  A human skeleton (D:3)
  9 kobolds
  7 rats
77 creatures vanquished.

Vanquished Creatures (collateral kills)
  2 giant mites (D:1)
  An orc (D:3)
  4 hobgoblins
  A quokka (D:4)
  2 bats (D:2)
  6 goblins
  5 rats
21 creatures vanquished.

Vanquished Creatures (others)
  3 adder skeletons (D:3)
  4 bat skeletons
  2 giant gecko skeletons (D:3)
  3 goblin skeletons
  2 hobgoblin skeletons
  A hobgoblin zombie (D:4)
  3 jackal skeletons (D:2)
  A jackal zombie (D:4)
  4 kobold skeletons
  An orc skeleton (D:3)
  2 quokka skeletons
  A quokka zombie (D:4)
  3 rat skeletons (D:1)
30 creatures vanquished.

Grand Total: 128 creatures vanquished

Notes
Turn   | Place    | Note
--------------------------------------------------------------
     0 | D:1      | Seneschal, the Mummy Necromancer, began the quest for the Orb.
     0 | D:1      | Reached XP level 1. HP: 13/13 MP: 3/3
    48 | D:1      | Learned a level 1 spell: Animate Skeleton
   208 | D:1      | Reached XP level 2. HP: 10/19 MP: 0/4
   687 | D:1      | Reached XP level 3. HP: 24/24 MP: 1/6
  1444 | D:2      | Found a sacrificial altar of Ru.
  1444 | D:2      | Found a radiant altar of Vehumet.
  1464 | D:2      | Found an opulent altar of Gozag.
  1736 | D:3      | Reached XP level 4. HP: 25/30 MP: 5/9
  1779 | D:3      | Noticed Jessica
  1826 | D:3      | Killed Jessica
  1910 | D:3      | Noticed Robin
  2281 | D:3      | Reached skill level 5 in Necromancy
  2283 | D:3      | Reached XP level 5. HP: 24/35 MP: 2/11
  2335 | D:3      | Killed Robin
  2855 | D:3      | Learned a level 4 spell: Animate Dead
  2859 | D:3      | Learned a level 3 spell: Vampiric Draining
  3107 | D:3      | Found an iron altar of Okawaru.
  3608 | D:4      | Noticed an ogre
  3635 | D:4      | Noticed Natasha
  3637 | D:4      | Slain by an ogre

Action                   |  1- 3 |  4- 6 || total
-------------------------+-------+-------++-------
Melee: Unarmed           |    25 |    22 ||    47
 Cast: Pain              |    63 |   100 ||   163
       Animate Skeleton  |    18 |    13 ||    31
       Animate Dead      |       |     8 ||     8
       Vampiric Draining |       |     4 ||     4
  Use: Scroll            |       |     7 ||     7
